 Dungeon Crawl Stone Soup version 0.28-a0-991-g956f0ee3d5 (webtiles) character file.

Game seed: 2850594537703678608

50 enile the Sneak (level 3, -10/26 HPs)
             Began as an Octopode Brigand on Dec 5, 2021.
             Mangled by a goblin (15 damage)
             ... on level 1 of the Dungeon.
             The game lasted 00:03:09 (1696 turns).

enile the Sneak (Octopode Brigand)                  Turns: 1696, Time: 00:03:10

Health: -10/26     AC:  1    Str: 10    XL:     3   Next: 79%
Magic:  3/3        EV: 14    Int: 13    God:
Gold:   98         SH:  0    Dex: 15    Spells: 2/2 levels left

rFire   . . .      SeeInvis .   a - +2 dagger
rCold   . . .      Faith    .   (no shield)
rNeg    . . .      Spirit   .   (helmet restricted)
rPois   .          Reflect  .   (no amulet)
rElec   .          Harm     .   (no ring)
rCorr   .          Rampage  .   (no ring)
Will    .....                   (no ring)
Stlth   ++++......              (no ring)
HPRegen 0.08/turn               (no ring)
MPRegen 0.08/turn               (no ring)
                                (no ring)
                                (no ring)

@: no status effects
A: almost no armour, amphibious, 8 rings, camouflage 1, gelatinous body 1,
(nimble swimmer 1), tentacles
a: no special abilities


You were on level 1 of the Dungeon.
You visited 1 branch of the dungeon, and saw 2 of its levels.

You collected 98 gold pieces.

Inventory:

Hand Weapons
 a - a +2 dagger (weapon)
Missiles
 b - 18 poisoned darts (quivered)
 c - 2 curare-tipped darts
Jewellery
 g - a +4 ring of evasion
Scrolls
 f - 2 scrolls of enchant armour {unknown}
 h - a scroll of noise {unknown}
 j - a scroll of identify {unknown}
 l - a scroll of fog {unknown}
 m - a scroll of acquirement {unknown}
Potions
 d - a potion of heal wounds {unknown}
 e - a potion of ambrosia {unknown}
 i - a potion of magic {unknown}
 k - 2 potions of haste {unknown}


   Skills:
 - Level 3.0 Fighting
 - Level 2.0 Short Blades
 - Level 2.0 Throwing
 + Level 2.7 Dodging
 - Level 5.3 Stealth


You had 2 spell levels left.
You didn't know any spells.
Your spell library contained the following spells:

 Spells                   Type           Power      Damage    Failure   Level
 Sandblast                Erth           0%         2d4       30%         1
 Passwall                 Tmut/Erth      0%         N/A       43%         2
 Stone Arrow              Conj/Erth      0%         3d7       67%         3


Dungeon Overview and Level Annotations

Branches:
Dungeon (2/15)

Altars:

Shops:
D:2 =


Innate Abilities, Weirdness & Mutations

You cannot wear most types of armour.
You are amphibious.
You can wear up to eight rings at the same time.
Your skin changes colour to match your surroundings (Stealth+).
Your rubbery body absorbs attacks. (AC +1, EV +1)
((You are camouflaged near water. (Stealth+)))
You have tentacles for arms and can constrict up to eight enemies at once.


Message History

You climb upwards.
There is a stone staircase leading down here.
You see here a +0 war axe.
A hobgoblin comes into view.
A hobgoblin is nearby!
A hobgoblin is nearby!
The hobgoblin shouts!
You hear a shout!
The hobgoblin closely misses you.
You barely miss the hobgoblin. You grab the hobgoblin.
You constrict the hobgoblin. You hit the hobgoblin but do no damage.
The hobgoblin is moderately wounded.
You constrict the hobgoblin. The hobgoblin hits you.
A goblin comes into view.
It is wielding a +0 dagger of electrocution.
You hit the hobgoblin.
You kill the hobgoblin!
You see here a hobgoblin corpse.
The goblin hits you with a +0 dagger of electrocution.
You closely miss the goblin. You grab the goblin. You constrict the goblin.
The goblin hits you with a +0 dagger of electrocution.
You are electrocuted!!
Ouch! That really hurt!
* * * LOW HITPOINT WARNING * * *
A goblin is nearby!
A goblin is nearby!
A goblin is nearby!
You are too injured to fight recklessly!
You release your grip on the goblin.
You see here a hobgoblin corpse.
The goblin closely misses you.
You see here a +0 war axe.
Press: ? - help, v - describe, . - travel The floor.
You see here a +0 dagger.
You see here a bat skeleton.
The goblin hits you with a +0 dagger of electrocution.
* * * LOW HITPOINT WARNING * * *
You are electrocuted!
Ouch! That really hurt!
You die...

#.########## #.# # #.# #
#)# ### #.########..
#.....##....
###########.###.#.....
####.............#.#....<
#....##g@......#.#.#.....
#.#####.####.#.....##....
#.# #.####...#.#.####..
#.# #..(###..#.#.# ####
#.# ###.###.#..#.###...
###.# #.##.###.#.##..#.
##.#.# #.#.## ##..##..##
#....# #.##.###.#.#(..#.
##.### ##)###.#...###.#..


You could see a goblin.

Vanquished Creatures
  An adder (D:2)
  2 worms (D:2)
  A dart slug (D:1)
  An orc (D:2)
  A ball python (D:1)
  An endoplasm (D:2)
  3 giant cockroaches
  A goblin (D:2)
  3 hobgoblins
  3 jackals (D:1)
  A quokka (D:1)
  6 bats
  5 kobolds
  A rat (D:2)
30 creatures vanquished.

Notes
Turn   | Place    | Note
-------+----------+-------------------------------------------
     0 | D:1      | enile the Octopode Brigand began the quest for the Orb.
     0 | D:1      | Reached XP level 1. HP: 14/14 MP: 1/1
   181 | D:1      | Reached XP level 2. HP: 20/20 MP: 2/2
   756 | D:1      | You fall into a shaft and drop 1 floor!
   772 | D:2      | Reached XP level 3. HP: 18/26 MP: 3/3
  1158 | D:2      | Found Kuokhly's Jewellery Emporium.
  1606 | D:1      | HP: 1/26 [goblin (20)]
  1696 | D:1      | Mangled by a goblin

Illustrated notes

Levels and vault maps discovered:
D:1:      dpeg_arrival_three_same_balls, layout_loops_ring, minmay_fountain_box
D:2:      layout_loops_ring, nicolae_ecumenical_lake_church, serial_shops, shop,
          minmay_tromino_v4_b

Skill      XL: |  1  2  3 |
---------------+----------+-----
Fighting       | 3 |  3.0
Dodging        | 2 |  2.7
Short Blades   | |  2.0
Throwing       | |  2.0
Stealth        | |  5.3

Action                   || total
-------------------------++-------
Melee: Dagger            ||    59
       Constrict         ||    14
       Tentacles         ||     7
Throw: Dart              ||     9
 Stab: Sleeping          ||     8
Armor: Skin              ||    11
Dodge: Dodged            ||    20

Table legend: (Time is in decaauts)
 A = Elapsed time spent in this place.
 B = Non-inter-level travel time spent in this place.
 C = Inter-level travel time spent in this place.
 D = Time resting spent in this place.
 E = Time spent auto-exploring this place.
 F = Levels seen in this place.
 G = Mean time per level.
                   A        B        C        D        E       F      G
               +--------+--------+--------+--------+--------+-----+--------+
         Total |   1689 |   1664 |     25 |      0 |   1360 |   2 |  844.5 |
       Dungeon |   1689 |   1664 |     25 |      0 |   1360 |   2 |  844.5 |
               +--------+--------+--------+--------+--------+-----+--------+

Top non-repeatable levels by time:
     D:1: 893 daAuts
     D:2: 796 daAuts
